 Dungeon Crawl Stone Soup version 0.29-a0-284-gf9362112df (webtiles) character file.

Game seed: 9909135825967131364

2095 siradein the Insei (level 9, -5/120 HPs)
             Began as a Gnoll Transmuter on Mar 15, 2022.
             Was a Believer of Makhleb.
             Slain by a vampire mosquito (8 damage)
             ... on level 7 of the Dungeon.
             The game lasted 00:43:46 (7940 turns).

siradein the Insei (Gnoll Transmuter)               Turns: 7940, Time: 00:43:46

Health: -5/120     AC:  7    Str:  9    XL:     9   Next: 27%
Magic:  0/18       EV: 12    Int: 17    God:    Makhleb [**....]
Gold:   337        SH:  0    Dex: 13    Spells: 11/21 levels left

rFire   x . .      SeeInvis +     - Unarmed
rCold   + + +      Faith    .   (shield currently unavailable)
rNeg    . . .      Spirit   +   (body armour currently unavailable)
rPois   +          Reflect  .   (helmet currently unavailable)
rElec   .          Harm     .   (cloak currently unavailable)
rCorr   .          Rampage  .   (gloves currently unavailable)
Will    .....                   (boots currently unavailable)
Stlth   ..........              B - amulet of guardian spirit
HPRegen 0.30/turn               t - ring of see invisible
MPRegen 0.16/turn               J - ring of wizardry

@: berserking, ice-form, very quick
A: freezing attack, amphibious, boosted hp, large, (fangs 1), strong nose,
distributed training
a: End Transformation, Renounce Religion, Minor Destruction


You were on level 7 of the Dungeon.
You worshipped Makhleb.
Makhleb was pleased with you.
You were a creature of crystalline ice.
You visited 2 branches of the dungeon, and saw 8 of its levels.

You collected 337 gold pieces.

Inventory:

Hand Weapons
 a - a +0 hand crossbow (melded)
 b - a +0 mace of protection
Missiles
 I - 6 javelins
Armour
 m - a +0 cloak of willpower (melded)
 q - a +0 buckler (melded)
 y - a +0 leather armour (melded)
Jewellery
 i - a ring of protection from cold
 k - a ring of resist corrosion
 r - a +6 ring of strength
 t - a ring of see invisible (left front paw)
 w - a ring of ice
 B - an amulet of guardian spirit (around neck)
 J - a ring of wizardry (right front paw)
Wands
 p - a wand of flame (10)
 D - a wand of iceblast (5)
 E - a wand of charming (11)
Scrolls
 c - 2 scrolls of fog {unknown}
 d - a scroll of amnesia {unknown}
 e - 2 scrolls of fear {unknown}
 f - 2 scrolls of enchant weapon {unknown}
 h - 2 scrolls of teleportation {unknown}
 j - a scroll of magic mapping {unknown}
 l - 2 scrolls of identify {unknown}
 v - 2 scrolls of acquirement {unknown}
 C - a scroll of vulnerability {unknown}
 F - a scroll of blinking {unknown}
 G - a scroll of immolation {unknown}
Potions
 g - 2 potions of curing
 o - 2 potions of might {unknown}
 s - 2 potions of heal wounds {unknown}
 u - 2 potions of magic {unknown}
 x - a potion of invisibility {unknown}
 z - 2 potions of lignification
 A - a potion of attraction {unknown}
 H - a potion of ambrosia {unknown}


   Skills:
 + Level 4.9 Fighting
 + Level 4.1 Short Blades
 + Level 4.1 Long Blades
 + Level 4.1 Axes
 + Level 4.1 Maces & Flails
 + Level 4.1 Polearms
 + Level 4.1 Staves
 + Level 4.1 Slings
 + Level 4.1 Bows
 + Level 4.1 Crossbows
 + Level 4.1 Throwing
 + Level 4.1 Armour
 + Level 6.2 Dodging
 + Level 4.1 Stealth
 + Level 4.1 Shields
 + Level 7.8 Unarmed Combat
 + Level 6.5 Spellcasting
 + Level 3.3 Conjurations
 + Level 3.3 Hexes
 + Level 3.3 Summonings
 + Level 3.3 Necromancy
 + Level 3.3 Translocations
 + Level 5.1 Transmutations
 + Level 3.3 Fire Magic
 + Level 3.3 Ice Magic
 + Level 3.3 Air Magic
 + Level 3.3 Earth Magic
 + Level 3.3 Poison Magic
 + Level 4.5 Invocations
 + Level 4.1 Evocations


You had 11 spell levels left.
You knew the following spells:

 Your Spells              Type           Power      Damage    Failure   Level
a - Beastly Appendage     Tmut           46%        N/A       1%          1
b - Wereblood             Tmut           23%        N/A       1%          2
c - Spider Form           Tmut/Pois      20%        N/A       2%          3
d - Ice Form              Ice/Tmut       20%        N/A       9%          4

Your spell library contained the following spells:

 Spells                   Type           Power      Damage    Failure   Level
 Foxfire                  Conj/Fire      68%        2x1d7     1%          1
 Ensorcelled Hibernation  Hex/Ice        34%        N/A       1%          2
 Passwall                 Tmut/Erth      16%        N/A       1%          2
 Scorch                   Fire           34%        2d7       1%          2
 Static Discharge         Conj/Air       17%        N/A       1%          2
 Conjure Flame            Conj/Fire      17%        6-21      3%          3
 Inner Flame              Hex/Fire       17%        N/A       3%          3
 Swiftness                Air            17%        N/A       3%          3
 Dispel Undead            Necr           17%        3d10      12%         4
 Flame Wave               Conj/Fire      17%        2d6       12%         4
 Fulminant Prism          Conj/Hex       8%         3d7       12%         4
 Iskenderun's Mystic Bla  Conj/Tloc      17%        2d5       12%         4
 Sticky Flame             Conj/Fire      17%        2d4       12%         4
 Lee's Rapid Deconstruct  Erth           8%         3d8*      32%         5
 Summon Cactus Giant      Summ           8%         N/A       86%         6


Dungeon Overview and Level Annotations

Branches:
Dungeon (7/15)             Temple (1/1) D:4

Altars:
Ashenzari
Cheibriados
Dithmenos
Elyvilon
Fedhas
Hepliaklqana
Kikubaaqudgha
Makhleb
Nemelex Xobeh
Okawaru
Ru
Yredelemnul
Zin

Shops:
D:6 (

Annotations:
D:6 Maggie


Innate Abilities, Weirdness & Mutations

You are a creature of crystalline ice.
You have a powerful freezing melee attack.
You are amphibious.
Your maximum health is increased.
Your armour is entirely melded.
You are incapable of wielding weapons or throwing items.
((You have very sharp teeth.))
Your uncanny sense of smell can sniff out nearby items.
Your experience applies equally to all skills.


Message History

A red film seems to cover your vision as you go berserk!
You feel yourself moving faster!
You feel mighty! The vampire mosquito bites you!
* * * LOW HITPOINT WARNING * * *
The vampire mosquito draws strength from your injuries!
The vampire mosquito bites you but does no damage.
You punch the vampire mosquito! You freeze the vampire mosquito.
The vampire mosquito is heavily damaged.
The vampire mosquito bites you!
* * * LOW HITPOINT WARNING * * *
The vampire mosquito draws strength from your injuries!
You barely miss the vampire mosquito.
The vampire mosquito is heavily damaged.
The vampire mosquito barely misses you.
You pummel the vampire mosquito!! You freeze the vampire mosquito.
You destroy the vampire mosquito!
Makhleb accepts your kill. The vampire mosquito barely misses you.
You hit the vampire mosquito. You freeze the vampire mosquito.
The vampire mosquito is lightly damaged.
The vampire mosquito bites you.
* * * LOW HITPOINT WARNING * * *
The vampire mosquito draws strength from your injuries!
You hit the vampire mosquito but do no damage.
The vampire mosquito is lightly damaged.
The vampire mosquito bites you but does no damage.
You punch the vampire mosquito! You freeze the vampire mosquito.
The vampire mosquito is heavily damaged.
The vampire mosquito bites you.
* * * LOW HITPOINT WARNING * * *
The vampire mosquito draws strength from your injuries!
You barely miss the vampire mosquito.
The vampire mosquito is heavily damaged.
The vampire mosquito bites you.
* * * LOW HITPOINT WARNING * * *
The vampire mosquito draws strength from your injuries!
You punch the vampire mosquito! You freeze the vampire mosquito.
The vampire mosquito is almost destroyed.
The vampire mosquito bites you!
You die...

∆ ∆ #. #.###
#.#Y#
#.#y#####.#
#.#.......#
#.#.####..#
.#####.#.#
>........##
#.######..####.#
..............#
#.###....######


You could see a vampire mosquito.

Vanquished Creatures
  Sigmund (D:3)
  A vampire mosquito (D:7)
  2 sky beasts
  2 black bears (D:5)
  An ice beast (D:6)
  An ogre (D:6)
  A phantom (D:5)
  2 kobold brigands (D:6)
  A bullfrog (D:5)
  3 necrophages
  5 jellies
  5 hounds
  An orc priest (D:4)
  Crazy Yiuf (D:3)
  2 iguanas (D:5)
  Natasha (thrice) (D:4)
  An orc wizard (D:4)
  3 gnolls (D:4)
  7 adders
  3 white imps (D:6)
  3 worms
  2 dart slugs
  23 orcs
  11 ball pythons
  3 bats
  15 endoplasms
  8 goblins
  9 hobgoblins
  6 jackals
  25 kobolds
  6 quokkas
  9 frilled lizards
  7 rats
173 creatures vanquished.

Vanquished Creatures (others)
  8 fungi (D:3)
  5 toadstools (D:3)
13 creatures vanquished.

Grand Total: 186 creatures vanquished

Notes
Turn   | Place    | Note
-------+----------+-------------------------------------------
     0 | D:1      | siradein the Gnoll Transmuter began the quest for the Orb.
     0 | D:1      | Reached XP level 1. HP: 17/17 MP: 6/6
   345 | D:1      | Reached XP level 2. HP: 23/23 MP: 5/7
   638 | D:1      | Found a hazy altar of Hepliaklqana.
   655 | D:1      | Reached XP level 3. HP: 22/28 MP: 7/9
   787 | D:1      | Reached skill level 5 in Spellcasting
  1058 | D:1      | Learned a level 2 spell: Wereblood
  1062 | D:1      | Learned a level 3 spell: Spider Form
  1453 | D:2      | Reached skill level 1 in Invocations
  1693 | D:2      | Found a blossoming altar of Fedhas.
  1717 | D:2      | Reached skill level 1 in Short Blades
  1717 | D:2      | Reached skill level 1 in Long Blades
  1717 | D:2      | Reached skill level 1 in Axes
  1717 | D:2      | Reached skill level 1 in Maces & Flails
  1717 | D:2      | Reached skill level 1 in Polearms
  1717 | D:2      | Reached skill level 1 in Staves
  1717 | D:2      | Reached skill level 1 in Slings
  1717 | D:2      | Reached skill level 1 in Bows
  1717 | D:2      | Reached skill level 1 in Crossbows
  1717 | D:2      | Reached skill level 1 in Throwing
  1717 | D:2      | Reached skill level 1 in Armour
  1717 | D:2      | Reached skill level 1 in Stealth
  1717 | D:2      | Reached skill level 1 in Shields
  1717 | D:2      | Reached skill level 1 in Evocations
  2018 | D:2      | Reached XP level 4. HP: 26/34 MP: 9/11
  2848 | D:3      | Found a white marble altar of Elyvilon.
  2849 | D:3      | Found a sparkling altar of Nemelex Xobeh.
  2910 | D:3      | Reached skill level 1 in Conjurations
  2910 | D:3      | Reached skill level 1 in Hexes
  2910 | D:3      | Reached skill level 1 in Summonings
  2910 | D:3      | Reached skill level 1 in Necromancy
  2910 | D:3      | Reached skill level 1 in Translocations
  2910 | D:3      | Reached skill level 1 in Fire Magic
  2910 | D:3      | Reached skill level 1 in Ice Magic
  2910 | D:3      | Reached skill level 1 in Air Magic
  2910 | D:3      | Reached skill level 1 in Earth Magic
  2910 | D:3      | Reached skill level 1 in Poison Magic
  2916 | D:3      | Learned a level 4 spell: Ice Form
  3114 | D:3      | Noticed Sigmund
  3233 | D:3      | Found a runed translucent door.
  3234 | D:3      | Noticed Crazy Yiuf
  3357 | D:4      | Noticed Natasha
  3369 | D:4      | Killed Natasha
  3370 | D:4      | Reached XP level 5. HP: 23/40 MP: 10/12
  3591 | D:4      | HP: 1/40 [orc priest/nerve-wracking pain (13)]
  3927 | D:4      | Reached XP level 6. HP: 46/47 MP: 13/13
  4083 | D:4      | Noticed Natasha
  4093 | D:4      | Killed Natasha
  4182 | D:4      | Reached skill level 5 in Dodging
  4558 | D:4      | Reached XP level 7. HP: 47/52 MP: 11/15
  4673 | D:4      | Reached skill level 7 in Unarmed Combat
  4801 | D:4      | Noticed Natasha
  4810 | D:4      | Killed Natasha
  4977 | D:4      | Found a staircase to the Ecumenical Temple.
  5136 | Temple   | Entered the Ecumenical Temple
  5160 | Temple   | Became a worshipper of Makhleb the Destroyer
  5239 | D:5      | Entered Level 5 of the Dungeon
  5350 | D:5      | Found a shadowy altar of Dithmenos.
  5848 | D:5      | Reached XP level 8. HP: 51/60 MP: 16/16
  6339 | D:3      | Killed Sigmund
  6530 | D:3      | Reached * piety under Makhleb
  6769 | D:6      | Found a broken altar of Ashenzari.
  6893 | D:6      | Found Goish's Weapon Shoppe.
  6955 | D:6      | Reached skill level 5 in Transmutations
  6955 | D:6      | Reached XP level 9. HP: 61/66 MP: 18/18
  7184 | D:6      | Reached ** piety under Makhleb
  7482 | D:6      | Found a sacrificial altar of Ru.
  7643 | D:6      | Noticed a troll
  7721 | D:3      | Killed Crazy Yiuf
  7772 | D:6      | Noticed Maggie
  7916 | D:7      | Noticed a cyclops
  7938 | D:7      | HP: 6/120 [vampire mosquito (4)]
  7940 | D:7      | Slain by a vampire mosquito

Illustrated notes

Levels and vault maps discovered:
D:1:      shiori_shiawase, layout_basic, chequers_serial_rivers_large_a,
          solitary_fountain, minmay_hexomino_r4
D:2:      layout_loops_ring, serial_aquarium, aquarium_bridge_square
          [aquarium_subvault_window, aquarium_subvault_window,
          aquarium_subvault_balcony, aquarium_subvault_bridge],
          aquarium_bridge_square [aquarium_subvault_bridge,
          aquarium_subvault_wall, aquarium_subvault_balcony,
          aquarium_subvault_wall], aquarium_window_fake, aquarium_window_fake,
          aquarium_view_2c, aquarium_view_2c, aquarium_balcony_3a,
          aquarium_pool_S, basic_altar, kennysheep_path_1
D:3:      cheibrodos_fertilizer, layout_basic, grunt_temple_overflow_open,
          uniq_crazy_yiuf_cottage, uniq_sigmund
D:4:      layout_loops_cross, minmay_temple_entry_nine_rooms,
          grunt_ministairs_14, kennysheep_pointless_box, uniq_natasha
D:5:      minmay_skewed_foursquare, layout_rooms, mainiacjoe_overflow_catwalk
D:6:      layout_cave_pods, nicolae_ru_awakened_eye,
          cheibrodos_ashenzari_chains, serial_shops, nicolae_square_shop,
          chequers_serial_rivers_micro_c, uniq_maggie, uniq_eustachio,
          uniq_menkaure
D:7:      minmay_the_grid_octo_tiled_octocenter [minmay_the_grid_octo_odd_swirl,
          minmay_the_grid_octo_shrine, minmay_the_grid_octo_teeth,
          minmay_the_grid_octo_clover, minmay_the_grid_octo_prize_star,
          minmay_the_grid_square_5x5_gyroscope, minmay_the_grid_square_5x5_c,
          minmay_the_grid_square_5x5_checkered_statues,
          minmay_the_grid_square_5x5_shuriken], layout_basic,
          mainiacjoe_overflow_brackets, gammafunk_temple_overflow_statue,
          mainiacjoe_overflow_chevrons, minmay_misc_feat_doors,
          minmay_misc_feat_columns, uniq_joseph
Temple:   eino_wide_crystal_templ

Skill      XL: |  1  2  3  4  5  6  7  8  9 |
---------------+----------------------------+-----
Spellcasting   | 5 6 |  6.5
Invocations    | 1 2 3 4 |  4.5
Short Blades   | 1 2 3 4 |  4.1
Long Blades    | 1 2 3 4 |  4.1
Axes           | 1 2 3 4 |  4.1
Maces & Flails | 1 2 3 4 |  4.1
Polearms       | 1 2 3 4 |  4.1
Staves         | 1 2 3 4 |  4.1
Slings         | 1 2 3 4 |  4.1
Bows           | 1 2 3 4 |  4.1
Crossbows      | 1 2 3 4 |  4.1
Throwing       | 1 2 3 4 |  4.1
Armour         | 1 2 3 4 |  4.1
Stealth        | 1 2 3 4 |  4.1
Shields        | 1 2 3 4 |  4.1
Evocations     | 1 2 3 4 |  4.1
Conjurations   | 1 2 3 |  3.3
Hexes          | 1 2 3 |  3.3
Summonings     | 1 2 3 |  3.3
Necromancy     | 1 2 3 |  3.3
Translocations | 1 2 3 |  3.3
Fire Magic     | 1 2 3 |  3.3
Ice Magic      | 1 2 3 |  3.3
Air Magic      | 1 2 3 |  3.3
Earth Magic    | 1 2 3 |  3.3
Poison Magic   | 1 2 3 |  3.3
Fighting       | 3 4 |  4.9
Transmutations | 4 5 |  5.1
Dodging        | 5 6 |  6.2
Unarmed Combat | 7 |  7.8

Action                   |  1- 3 |  4- 6 |  7- 9 || total
-------------------------+-------+-------+-------++-------
Melee: Unarmed           |   107 |    86 |    35 ||   228
       Kick              |    20 |    18 |    47 ||    85
       Headbutt          |    12 |    10 |    34 ||    56
       Bite              |     7 |     8 |    13 ||    28
       Punch             |     4 |       |       ||     4
       Mace              |       |       |   151 ||   151
 Fire: Hand crossbow     |     6 |    99 |    84 ||   189
 Cast: Beastly Appendage |    29 |    20 |    26 ||    75
       Wereblood         |       |     2 |     6 ||     8
       Ice Form          |       |       |     1 ||     1
  Use: Potion            |       |     2 |     1 ||     3
 Stab: Sleeping          |     2 |     1 |       ||     3
Armor: Robe              |    15 |     9 |     2 ||    26
       Leather armour    |       |       |    70 ||    70
       Skin              |       |       |     3 ||     3
Dodge: Dodged            |    68 |    52 |   133 ||   253
Block: Buckler           |       |    12 |    45 ||    57

Table legend: (Time is in decaauts)
 A = Elapsed time spent in this place.
 B = Non-inter-level travel time spent in this place.
 C = Inter-level travel time spent in this place.
 D = Time resting spent in this place.
 E = Time spent auto-exploring this place.
 F = Levels seen in this place.
 G = Mean time per level.
                   A        B        C        D        E       F      G
               +--------+--------+--------+--------+--------+-----+--------+
         Total |   8018 |   7669 |    349 |    524 |   5459 |   8 | 1002.2 |
       Dungeon |   7977 |   7629 |    348 |    524 |   5442 |   7 | 1139.6 |
        Temple |     41 |     41 |      0 |      0 |     17 |   1 |   41.0 |
               +--------+--------+--------+--------+--------+-----+--------+

Top non-repeatable levels by time:
     D:4: 2060 daAuts
     D:1: 1441 daAuts
     D:2: 1198 daAuts
     D:5: 1163 daAuts
     D:3: 1103 daAuts
     D:6: 972 daAuts
  Temple: 41 daAuts
     D:7: 37 daAuts
